 Dungeon Crawl Stone Soup version 0.29.0-4-gdea44cf6ec (webtiles) character file.

Game seed: 3171898416056737977

675 qw the Chopper (level 7, -5/55 HPs)
             Began as a Demonspawn Cinder Acolyte on Sept 8, 2022.
             Was a Priest of Ignis.
             Slain by Blork the orc
             ... wielding a +2 vampiric halberd
              (14 damage)
             ... on level 5 of the Dungeon.
             The game lasted 00:01:44 (5687 turns).

qw the Chopper (Demonspawn Cinder Acolyte)          Turns: 5687, Time: 00:01:44

Health: -5/55      AC: 15    Str: 16    XL:     7   Next: 33%
Magic:  8/8        EV:  6    Int: 16    God:    Ignis [***...]
Gold:   252        SH:  5    Dex:  8    Spells: 8/8 levels left

rFire   + . .      SeeInvis .   Y - +2 hand axe (flame)
rCold   . . .      Faith    .   g - +2 buckler
rNeg    . . .      Spirit   .   f - +0 chain mail {Will+}
rPois   .          Reflect  .   (no helmet)
rElec   .          Harm     .   (no cloak)
rCorr   .          Rampage  .   (no gloves)
Will    +....                   (no boots)
Stlth   ..........              (no amulet)
HPRegen 0.18/turn               (no ring)
MPRegen 0.11/turn               (no ring)

@: about to teleport, fiery-armoured
A: powered by death 1, demonic magic 2
a: Renounce Religion, Fiery Armour, Foxfire Swarm, Rising Flame


You were on level 5 of the Dungeon.
You worshipped Ignis.
Ignis was most pleased with you.
You visited 1 branch of the dungeon, and saw 5 of its levels.

You collected 252 gold pieces.


Innate Abilities, Weirdness & Mutations

You regenerate a little health from kills.
Spells you cast may paralyse nearby enemies.


   Skills:
 - Level 4.5 Fighting
 + Level 6.2 Axes
 - Level 2.1 Armour
 - Level 2.2 Shields
 - Level 1.0 Spellcasting
 - Level 2.6 Fire Magic


You had 8 spell levels left.
You didn't know any spells.
Your spell library contained the following spells:

 Spells                   Type           Power      Damage    Failure   Level
 Scorch                   Fire           18%        2d6       96%         2

Inventory:

Hand Weapons
 Y - a +2 hand axe of flaming (weapon)
Missiles
 d - a boomerang (quivered)
Armour
 f - a +0 chain mail of willpower (worn)
 g - a +2 buckler (worn)
Jewellery
 e - a ring of fire
Scrolls
 a - 2 scrolls of enchant armour
 b - a scroll of identify
 k - 2 scrolls of immolation {unknown}
Potions
 h - 4 potions of curing
 i - a potion of haste
 j - a potion of heal wounds

Dungeon Overview and Level Annotations

Branches:
Dungeon (5/15)
 Temple: D:4-7

Altars:
Sif Muna
Xom
Yredelemnul

Annotations:
D:4 1 runed translucent door, Crazy Yiuf
D:5 Blork the orc


Message History

Your Fighting skill increases to level 4!
5661 ||| FLEEEEING.
5662 ||| FLEEEEING.
5664 ||| FLEEEEING.
You see here a +0 sling.
5665 ||| FLEEEEING.
5666 ||| FLEEEEING.
Blork the orc looks braver for a moment.
5667 ||| FLEEEEING.
5672 ||| FLEEEEING.
5673 ||| FLEEEEING.
5674 ||| FLEEEEING.
5675 ||| FLEEEEING.
5676 ||| FLEEEEING.
Blork the orc casts a spell.
Blork the orc seems to speed up.
5677 ||| Stepping ~*~*~tactically~*~*~ (hiding).
5682 ||| Stepping ~*~*~tactically~*~*~ (hiding).
Blork the orc casts a spell at you.
The magic dart hits you but does no damage.
Blork the orc drinks a potion.
Blork the orc seems to grow stronger.
You hit Blork the orc but do no damage.
Blork the orc hits you with a +2 vampiric halberd!
Blork the orc is burned by your cloak of flames.
Blork the orc is lightly wounded.
You closely miss Blork the orc.
Blork the orc is lightly wounded.
Blork the orc hits you with a +2 vampiric halberd!
Blork the orc draws strength from your wounds!
Blork the orc is burned by your cloak of flames.
Blork the orc is moderately wounded.
Blork the orc hits you with a +2 vampiric halberd!
Blork the orc draws strength from your wounds!
Blork the orc is burned by your cloak of flames.
Blork the orc is moderately wounded.
5687 ||| READING scroll of teleportation.
As you read the scroll of teleportation, it crumbles to dust.
You feel strangely unstable.
Blork the orc hits you with a +2 vampiric halberd!
You die...

.........# ######
.........########### #....#
...................#########....#
........................o.......#
.........######...##########)...#
#####.#### ##.######## #....#
#..##### #.........###....#
##...#.## #o........##.....o
###.#..####@........#..#..##
##### #.#...............<....###
#...## #...#####.................
.....####..#####.................
......# #....##...##....##.######
......# ###................#
......# #.#............###
.....## #.#............# .>..##
#.#............#


You could see Blork the orc (fast, strong).

Vanquished Creatures
  A steam dragon (D:3)
  A black bear (D:5)
  An ogre (D:4)
  4 hounds
  An orc priest (D:4)
  Jessica (D:3)
  An iguana (D:5)
  Terence (D:2)
  4 adders
  3 gnolls (D:4)
  A worm (D:4)
  2 dart slugs
  6 orcs
  5 endoplasms
  9 giant cockroaches
  7 goblins
  4 hobgoblins
  2 jackals (D:1)
  6 kobolds
  5 quokkas
  6 ball pythons
  4 bats
  2 frilled lizards
  5 rats
82 creatures vanquished.

Notes
Turn   | Place    | Note
-------+----------+-------------------------------------------
     0 | D:1      | qw the Demonspawn Cinder Acolyte began the quest for the
                  | Orb.
     0 | D:1      | Reached XP level 1. HP: 18/18 MP: 2/2
     0 | D:1      | 0 ||| qw: Version: 0.1-a-112-g44dc6cd
     0 | D:1      | 0 ||| qw: Game counter: 6674
     0 | D:1      | 0 ||| qw: Always use a shield: true
     0 | D:1      | 0 ||| qw: God list: Okawaru
     0 | D:1      | 0 ||| qw: Allow faded altars: false
     0 | D:1      | 0 ||| qw: Do Orc after D:15 true
     0 | D:1      | 0 ||| qw: Do second Lair branch before Depths: true
     0 | D:1      | 0 ||| qw: Lair rune preference: random
     0 | D:1      | 0 ||| qw: Plans: Normal
     0 | D:1      | 0 ||| PLANNING D:1-11
   103 | D:1      | Reached skill level 3 in Axes
   283 | D:1      | Found a faded altar of an unknown god.
   368 | D:1      | Gained mutation: Spells you cast may paralyse adjacent
                  | enemies. [demonic ancestry]
   368 | D:1      | Reached XP level 2. HP: 24/24 MP: 3/3
   609 | D:1      | 609 ||| INVOKING Fiery Armour.
   930 | D:1      | 930 ||| Stepping ~*~*~tactically~*~*~ (stealth).
  1244 | D:1      | 1244 ||| Stepping ~*~*~tactically~*~*~ (hiding).
  1245 | D:1      | 1245 ||| Stepping ~*~*~tactically~*~*~ (hiding).
  1255 | D:1      | Reached XP level 3. HP: 28/29 MP: 4/4
  1557 | D:1      | 1557 ||| UPGRADING to +0 chain mail.
  1567 | D:1      | 1567 ||| DROPPING +0 robe.
  1568 | D:1      | 1568 ||| UPGRADING to +2 buckler.
  1573 | D:1      | 1573 ||| READING 2 scrolls labelled VANWIN HUECS.
  1574 | D:1      | 1574 ||| READING scroll of enchant weapon.
  1574 | D:1      | 1574 ||| ENCHANTING +0 hand axe of flaming.
  1575 | D:1      | 1575 ||| READING scroll labelled YPIAR FUSHRASASH.
  1580 | D:1      | 1580 ||| READING 2 scrolls labelled ZURESYCUOJ.
  1581 | D:1      | 1581 ||| READING scroll labelled JOMYRPH DANNISH.
  1582 | D:1      | 1582 ||| READING scroll labelled YTRYUT ENEKAS.
  1583 | D:1      | 1583 ||| DROPPING scroll of vulnerability.
  1667 | D:2      | Noticed Terence
  1678 | D:2      | Killed Terence
  1679 | D:2      | Reached skill level 1 in Shields
  1858 | D:2      | Gained mutation: Spells you cast may paralyse nearby
                  | enemies. [demonic ancestry]
  1858 | D:2      | Reached XP level 4. HP: 35/35 MP: 5/5
  2218 | D:2      | 2218 ||| READING 3 scrolls labelled IDWA GIBUFO.
  2219 | D:2      | 2219 ||| READING scroll labelled NINAXZI LERHU.
  2220 | D:2      | 2220 ||| READING scroll labelled HUDIGY XUC WAOGAA.
  2221 | D:2      | 2221 ||| READING 2 scrolls of identify.
  2221 | D:2      | 2221 ||| IDENTIFYING pink potion
  2519 | D:3      | Reached skill level 1 in Armour
  2545 | D:3      | 2545 ||| READING scroll of enchant weapon.
  2545 | D:3      | 2545 ||| ENCHANTING +1 hand axe of flaming.
  2658 | D:3      | Reached skill level 4 in Axes
  2820 | D:3      | Noticed a steam dragon
  2837 | D:3      | 2837 ||| INVOKING Fiery Armour.
  2837 | D:3      | HP: 4/35 [steam dragon/ball of steam (9)]
  2838 | D:3      | 2838 ||| READING scroll of teleportation.
  3128 | D:3      | 3128 ||| Stepping ~*~*~tactically~*~*~ (stealth).
  3130 | D:3      | 3130 ||| Stepping ~*~*~tactically~*~*~ (hiding).
  3137 | D:3      | 3137 ||| INVOKING Fiery Armour.
  3139 | D:3      | HP: 7/35 [steam dragon/ball of steam (6)]
  3141 | D:3      | Killed a steam dragon
  3142 | D:3      | Reached skill level 5 in Axes
  3142 | D:3      | Gained mutation: You regenerate a little health from kills.
                  | [demonic ancestry]
  3142 | D:3      | Reached XP level 5. HP: 9/41 MP: 6/6
  3395 | D:3      | Noticed Jessica
  3396 | D:3      | 3396 ||| FLEEEEING.
  3397 | D:3      | 3397 ||| FLEEEEING.
  3398 | D:3      | 3398 ||| FLEEEEING.
  3810 | D:3      | 3810 ||| FLEEEEING.
  3811 | D:3      | 3811 ||| FLEEEEING.
  3812 | D:3      | 3812 ||| FLEEEEING.
  3813 | D:3      | 3813 ||| INVOKING Fiery Armour.
  3817 | D:3      | Killed Jessica
  4049 | D:3      | Found a shimmering blue altar of Sif Muna.
  4051 | D:3      | 4051 ||| UPGRADING to +0 chain mail of willpower.
  4061 | D:3      | 4061 ||| DROPPING +0 chain mail.
  4062 | D:3      | 4062 ||| DROPPING amulet of magic regeneration.
  4063 | D:3      | 4063 ||| READING scroll labelled SAYK LIEMNOIC.
  4064 | D:3      | 4064 ||| READING 3 scrolls of identify.
  4064 | D:3      | 4064 ||| IDENTIFYING bubbling black potion
  4065 | D:3      | 4065 ||| READING 2 scrolls of identify.
  4065 | D:3      | 4065 ||| IDENTIFYING blue potion
  4066 | D:3      | 4066 ||| DROPPING potion of lignification.
  4127 | D:4      | Reached XP level 6. HP: 43/47 MP: 7/7
  4214 | D:4      | Found a basalt altar of Yredelemnul.
  4339 | D:4      | Reached skill level 6 in Axes
  4339 | D:4      | 4339 ||| Stepping ~*~*~tactically~*~*~ (stealth).
  4472 | D:4      | 4472 ||| Stepping ~*~*~tactically~*~*~ (hiding).
  4473 | D:4      | 4473 ||| FLEEEEING.
  4474 | D:4      | 4474 ||| FLEEEEING.
  4475 | D:4      | 4475 ||| Stepping ~*~*~tactically~*~*~ (hiding).
  4476 | D:4      | 4476 ||| Stepping ~*~*~tactically~*~*~ (hiding).
  4477 | D:4      | 4477 ||| FLEEEEING.
  4478 | D:4      | 4478 ||| FLEEEEING.
  4479 | D:4      | 4479 ||| FLEEEEING.
  4481 | D:4      | 4481 ||| FLEEEEING.
  4482 | D:4      | 4482 ||| STAIRDANCE
  4554 | D:4      | 4554 ||| STAIRDANCE
  4616 | D:4      | 4616 ||| Stepping ~*~*~tactically~*~*~ (stealth).
  4791 | D:4      | 4791 ||| INVOKING Fiery Armour.
  4858 | D:4      | Found a shimmering altar of Xom.
  4976 | D:4      | Found a runed translucent door.
  4977 | D:4      | Noticed Crazy Yiuf
  5045 | D:4      | 5045 ||| READING 2 scrolls of identify.
  5045 | D:4      | 5045 ||| IDENTIFYING golden potion
  5076 | D:5      | Entered Level 5 of the Dungeon
  5078 | D:5      | 5078 ||| STAIRDANCE
  5168 | D:5      | Reached XP level 7. HP: 34/52 MP: 8/8
  5169 | D:5      | 5169 ||| STAIRDANCE
  5658 | D:5      | Noticed Blork the orc
  5659 | D:5      | 5659 ||| INVOKING Fiery Armour.
  5661 | D:5      | 5661 ||| FLEEEEING.
  5662 | D:5      | 5662 ||| FLEEEEING.
  5664 | D:5      | 5664 ||| FLEEEEING.
  5665 | D:5      | 5665 ||| FLEEEEING.
  5666 | D:5      | 5666 ||| FLEEEEING.
  5667 | D:5      | 5667 ||| FLEEEEING.
  5672 | D:5      | 5672 ||| FLEEEEING.
  5673 | D:5      | 5673 ||| FLEEEEING.
  5674 | D:5      | 5674 ||| FLEEEEING.
  5675 | D:5      | 5675 ||| FLEEEEING.
  5676 | D:5      | 5676 ||| FLEEEEING.
  5677 | D:5      | 5677 ||| Stepping ~*~*~tactically~*~*~ (hiding).
  5682 | D:5      | 5682 ||| Stepping ~*~*~tactically~*~*~ (hiding).
  5686 | D:5      | HP: 9/55 [Blork the orc/+2 vampiric halberd (8)]
  5687 | D:5      | 5687 ||| READING scroll of teleportation.
  5687 | D:5      | Slain by Blork the orc

Levels and vault maps discovered:
D:1:      dpeg_arrival_pits, layout_basic, chequers_ecumenical_altar_island
D:2:      layout_loops_ring, uniq_terence
D:3:      layout_basic, tgw_sif, grunt_decor_mini_mirrors
D:4:      layout_gridville, kennysheep_little_box, kennysheep_mini_moat,
          minivault_26, uniq_crazy_yiuf_cottage
D:5:      layout_rooms, zin_statuary, mainiacjoe_overflow_six_doors_small,
          uniq_blork_the_orc

Skill      XL: |  1  2  3  4  5  6  7 |
---------------+----------------------+-----
Axes           | 3 5 6 |  6.2
Shields        | 1 2 |  2.2
Armour         | 1 2 |  2.1
Fighting       | 4 |  4.5
Spellcasting   | |  1.0
Fire Magic     | |  2.6

Action                   |  1- 3 |  4- 6 |  7- 9 || total
-------------------------+-------+-------+-------++-------
Melee: Hand axe          |   101 |   133 |    27 ||   261
Throw: Boomerang         |       |    27 |     5 ||    32
Invok: Fiery Armour      |     1 |     4 |     1 ||     6
  Use: Scroll            |     6 |    10 |     1 ||    17
Armor: Robe              |    11 |       |       ||    11
       Chain mail        |     8 |    67 |     8 ||    83
Dodge: Dodged            |    66 |    31 |     6 ||   103
Block: Buckler           |     2 |    29 |    11 ||    42

Table legend:
 A = Non-vault XP
 B = Vault XP
 C = Vault XP percentage of total XP
 D = Non-vault monster count
 E = Vault monster count
 F = Vault count percentage of total count
                 A         B        C        D         E       F
            +---------+---------+-------+---------+---------+-------
      Total |     892 |      73 |   7.6 |      80 |       2 |   2.4
            +---------+---------+-------+---------+---------+-------
        D:1 |      48 |       0 |   0.0 |      27 |       0 |   0.0
        D:2 |      14 |      36 |  72.0 |       9 |       1 |  10.0
        D:3 |     244 |      37 |  13.2 |      18 |       1 |   5.3
        D:4 |     324 |       0 |   0.0 |      20 |       0 |   0.0
        D:5 |     262 |       0 |   0.0 |       6 |       0 |   0.0
            +---------+---------+-------+---------+---------+-------
